 Dungeon Crawl Stone Soup version 0.29.1-13-g9f3cf754e1 (webtiles) character file.

Game seed: 15266122950808562867

4932 vandaahl the Cleaver (level 10, -4/90 HPs)
             Began as a Minotaur Fighter on Feb 1, 2023.
             Was a Priest of Okawaru.
             Slain by Gastronok (33 damage)
             ... on level 8 of the Dungeon.
             The game lasted 00:31:58 (7464 turns).

vandaahl the Cleaver (Minotaur Fighter)             Turns: 7464, Time: 00:31:59

Health: -4/90      AC: 11    Str: 24    XL:     10   Next: 27%
Magic:  11/11      EV: 10    Int: 11    God:    Okawaru [***...]
Gold:   465        SH:  6    Dex: 15    Spells: 9/9 levels left

rFire   . . .      SeeInvis +   a - +0 war axe
rCold   . . .      Faith    .   c - +0 buckler
rNeg    . . .      Spirit   .   x - +3 ring mail of Recklessness {Dex+4 Slay+3}
rPois   .          Reflect  .   (helmet restricted)
rElec   .          Harm     .   y - +0 cloak
rCorr   .          Rampage  .   (no gloves)
Will    .....                   (no boots)
Stlth   +.........              F - amulet of the acrobat
HPRegen 0.25/turn               g - +6 ring of intelligence
MPRegen 0.12/turn               s - ring of see invisible

@: no status effects
A: horns 2, retaliatory headbutt
a: Renounce Religion, Heroism


You were on level 8 of the Dungeon.
You worshipped Okawaru.
Okawaru was most pleased with you.
You visited 2 branches of the dungeon, and saw 9 of its levels.
You also visited: Sewer.

You collected 465 gold pieces.

Inventory:

Hand Weapons
 a - a +0 war axe (weapon)
 b - a +2 sling of flaming
Missiles
 p - 12 poisoned darts (quivered)
 u - 114 stones
Armour
 c - a +0 buckler (worn)
 x - the +3 ring mail of Recklessness (worn) {Dex+4 Slay+3}
   (You found it on level 3 of the Dungeon)

   Dex:       It affects your dexterity (+4).
   Slay:      It affects your accuracy & damage with ranged weapons and melee
   (+3).
 y - a +0 cloak (worn)
 I - a +0 plate armour
Jewellery
 g - a +6 ring of intelligence (left hand)
 s - a ring of see invisible (right hand)
 z - a +6 ring of intelligence
 F - an amulet of the acrobat (around neck)
Wands
 D - a wand of acid (17)
 G - a wand of polymorph (19)
 H - a wand of iceblast (12)
Scrolls
 f - a scroll of blinking
 h - 6 scrolls of teleportation
 i - a scroll of noise {unknown}
 j - a scroll of butterflies
 n - a scroll of enchant armour {unknown}
 q - a scroll of torment {unknown}
 r - a scroll of identify
 t - a scroll of poison {unknown}
 v - a scroll of brand weapon {unknown}
 K - a scroll of enchant weapon {unknown}
Potions
 d - 2 potions of might
 e - 3 potions of berserk rage
 k - 2 potions of attraction
 l - 4 potions of curing
 m - 2 potions of lignification
 o - a potion of heal wounds
 w - a potion of invisibility
 A - 3 potions of brilliance {unknown}
 B - 3 potions of magic
 E - a potion of cancellation {unknown}
 J - a potion of mutation {unknown}


   Skills:
 + Level 8.7 Fighting
 * Level 11.4 Axes
 + Level 8.6 Armour
 + Level 8.7 Shields
 + Level 3.7 Invocations


You had 9 spell levels left.
You didn't know any spells.
Your spell library contained the following spells:

 Spells                   Type           Power      Damage    Failure   Level
 Beastly Appendage        Tmut           0%         N/A       54%         1
 Wereblood                Tmut           0%         N/A       67%         2
 Portal Projectile        Hex/Tloc       0%         N/A       88%         3
 Spider Form              Tmut/Pois      0%         N/A       88%         3
 Leda's Liquefaction      Hex/Erth       0%         N/A       99%         4
 Lee's Rapid Deconstruct  Erth           0%         3d5*      100%        5
 Statue Form              Tmut/Erth      0%         N/A       100%        6
 Call Canine Familiar     Summ           Unusable   N/A       N/A         3

Dungeon Overview and Level Annotations

Branches:
Dungeon (8/15)             Temple (1/1) D:5            Lair (0/5) D:8
  Sewer (visited)

Altars:
Ashenzari
Cheibriados
Elyvilon
Gozag
Hepliaklqana
Kikubaaqudgha
Makhleb
Nemelex Xobeh
Okawaru
Qazlal
Ru
Sif Muna
Uskayaw
Vehumet
Wu Jian
Xom
Yredelemnul
Zin
The Shining One

Shops:
D:3 [

Annotations:
D:8 Gastronok


Innate Abilities, Weirdness & Mutations

You have a pair of horns on your head.
You reflexively headbutt those who attack you in melee.


Message History

Gastronok is lightly wounded.
Gastronok bites you but does no damage.
You slash Gastronok!
Gastronok is lightly wounded.
You slash Gastronok!
Gastronok is moderately wounded.
Gastronok chants a spell, wobbling all the while.
You hit Gastronok. You headbutt Gastronok.
Gastronok is moderately wounded.
The bat hits you but does no damage. Gastronok bites you!
You hit Gastronok.
Gastronok is moderately wounded.
You closely miss the bat. The bat hits you but does no damage.
The bat misses you.
You hit Gastronok but do no damage.
Gastronok is moderately wounded.
You hit the bat.
You block the bat's attack. x2; Gastronok bites you!
You slash Gastronok! You headbutt Gastronok!
Gastronok is heavily wounded.
You barely miss the bat. The bat hits you. The bat hits you but does no damage.
You slash Gastronok!
Gastronok is heavily wounded.
You slash the bat!
You kill the bat!
The bat's corpse disappears in a puff of smoke!
You hit Gastronok. You headbutt Gastronok!
Gastronok is severely wounded.
Gastronok completely misses you.
You slash Gastronok! You headbutt Gastronok.
Gastronok is severely wounded.
You slash Gastronok!
Gastronok is severely wounded.
Gastronok waves his eye-stalks in wide circles.
The air twists around and strikes you!!
You slash Gastronok!
Gastronok is almost dead.
You hit Gastronok. You headbutt Gastronok!
Gastronok is almost dead.
Gastronok bites you!!
You die...

#..##.. #.........
.....## ###.....##
#####....###.......).
..#..................).
............##.##.#....
##.#...#...##.##......
#♣.♣#..........##..
#...#...##.###.....
#♣@♣#...........##.
#.w.#....#.####....
#♣.♣#..###..###....
...#.....#..##....
♣.♣#..[...........
...#... .##.†#....
♣.♣#.. ##†#.... ...
#...... ##.....


You could see Gastronok (swift).

Vanquished Creatures
  The ghost of nikirochi the Covert, a novice OpBr (D:7)
  Pikel (D:7)
  Psyche (D:8)
  An unseen horror (D:6)
  Grinder (D:4)
  3 yaks (D:7)
  3 wargs (D:8)
  Menkaure (D:7)
  Duvessa (D:5)
  A water moccasin (D:6)
  Pargi (Sewer)
  An orc warrior (D:6)
  2 ogres
  A centaur (D:5)
  A phantom (D:7)
  A lemure (D:7)
  A kobold brigand (D:8)
  Blork the orc (D:5)
  A bullfrog (D:7)
  4 necrophages
  3 scorpions
  3 wights (D:7)
  Dowan (D:5)
  3 howler monkeys (D:7)
  6 hounds
  An iron imp (D:4)
  A jelly (D:5)
  3 orc wizards
  4 iguanas
  3 gnolls (D:4)
  8 adders
  2 shadow imps
  2 white imps
  2 ufetubi
  A worm (D:4)
  2 dart slugs (D:5)
  12 orcs
  6 ball pythons
  7 bats
  8 endoplasms
  4 giant cockroaches
  11 hobgoblins
  2 jackals (D:5)
  17 kobolds
  4 quokkas
  5 frilled lizards
  A goblin (D:1)
  5 rats
155 creatures vanquished.

Vanquished Creatures (others)
  2 plants (D:2)
2 creatures vanquished.

Grand Total: 157 creatures vanquished

Notes
Turn   | Place    | Note
-------+----------+-------------------------------------------
     0 | D:1      | vandaahl the Minotaur Fighter began the quest for the Orb.
     0 | D:1      | Reached XP level 1. HP: 19/19 MP: 0/0
   123 | D:1      | Reached XP level 2. HP: 23/27 MP: 1/1
   371 | D:1      | Reached skill level 3 in Axes
   566 | D:1      | Found a faded altar of an unknown god.
   907 | D:2      | Reached XP level 3. HP: 30/33 MP: 2/2
  1411 | D:3      | Identified the +3 ring mail of Recklessness {Dex+4 Slay+3}
  1520 | D:3      | Identified the +8 plate armour of Aciyseu {Harm rPois rF-}
  1693 | D:3      | Found Nyudec's Armour Emporium.
  1808 | D:3      | Reached XP level 4. HP: 40/40 MP: 3/3
  1890 | D:4      | Noticed a scorpion
  1899 | D:4      | Killed a scorpion
  1900 | D:4      | Reached skill level 4 in Axes
  1938 | D:4      | Reached XP level 5. HP: 47/47 MP: 4/4
  1966 | D:4      | Found a glowing drain.
  1977 | Sewer    | Entered a sewer
  2056 | Sewer    | Noticed Pargi
  2063 | Sewer    | Killed Pargi
  2064 | Sewer    | Reached skill level 5 in Axes
  2197 | D:4      | Reached XP level 6. HP: 51/55 MP: 5/5
  2361 | D:4      | Reached skill level 5 in Fighting
  2361 | D:4      | Reached skill level 5 in Armour
  2361 | D:4      | Reached skill level 5 in Shields
  2889 | D:4      | Found a snail-covered altar of Cheibriados.
  3016 | D:4      | Noticed Grinder
  3035 | D:4      | Paralysed by Grinder for 4 turns
  3046 | D:4      | Killed Grinder
  3047 | D:4      | Reached skill level 6 in Axes
  3047 | D:4      | Reached XP level 7. HP: 37/61 MP: 6/6
  3210 | D:5      | Entered Level 5 of the Dungeon
  3210 | D:5      | Noticed Blork the orc
  3228 | D:5      | Killed Blork the orc
  3427 | D:5      | Reached skill level 7 in Axes
  3433 | D:5      | Found a staircase to the Ecumenical Temple.
  3434 | D:5      | Noticed Dowan
  3455 | D:5      | Killed Dowan
  3465 | D:5      | Noticed Duvessa
  3473 | D:5      | Killed Duvessa
  3474 | D:5      | Reached XP level 8. HP: 21/70 MP: 7/7
  3648 | Temple   | Entered the Ecumenical Temple
  3738 | Temple   | Became a worshipper of Warmaster Okawaru
  4120 | D:5      | Noticed a +0 short sword
  4120 | D:5      | Noticed a +0 short sword
  4120 | D:5      | Noticed a +0 dagger
  4121 | D:5      | Noticed a +0 spear
  4121 | D:5      | Noticed a +0 falchion
  4122 | D:5      | Noticed a +0 spear
  4122 | D:5      | Noticed a +0 dagger
  4122 | D:5      | Noticed a +0 falchion
  4138 | D:5      | Found a hide-covered altar of Uskayaw.
  4365 | D:6      | Reached skill level 8 in Axes
  4611 | D:6      | Reached * piety under Okawaru
  4748 | D:6      | Noticed an unseen horror
  4762 | D:6      | Killed an unseen horror
  4763 | D:6      | Reached skill level 9 in Axes
  5126 | D:6      | Reached XP level 9. HP: 77/79 MP: 8/8
  5378 | D:7      | Reached skill level 1 in Invocations
  5418 | D:7      | Reached ** piety under Okawaru
  5723 | D:7      | Found a shimmering blue altar of Sif Muna.
  5825 | D:7      | Reached skill level 10 in Axes
  6164 | D:7      | Found an ancient bone altar of Kikubaaqudgha.
  6316 | D:7      | Found a runed translucent gate.
  6316 | D:7      | Found a runed translucent gate.
  6318 | D:7      | Found a runed translucent gate.
  6321 | D:7      | Noticed nikirochi's ghost (novice OpBr)
  6451 | D:7      | Noticed Menkaure
  6466 | D:7      | Killed Menkaure
  6479 | D:7      | Noticed Pikel
  6882 | D:7      | Killed Pikel
  6988 | D:7      | Killed nikirochi's ghost
  6988 | D:7      | Reached *** piety under Okawaru
  6989 | D:7      | Reached skill level 11 in Axes
  6989 | D:7      | Reached XP level 10. HP: 90/90 MP: 11/11
  7027 | D:8      | Noticed Psyche
  7062 | D:8      | Killed Psyche
  7141 | D:8      | Found a sparkling altar of Nemelex Xobeh.
  7304 | D:8      | Found a staircase to the Lair.
  7447 | D:8      | Noticed Gastronok
  7464 | D:8      | Slain by Gastronok

Illustrated notes

Levels and vault maps discovered:
D:1:      lightli_arrival_maybe_door_vault, layout_loops_ring,
          shapermc_ecumenical_altar_totnotflames
D:2:      wad_lake_hut, layout_basic
D:3:      layout_rooms, serial_shops, shop
D:4:      layout_basic, chei_slow_surprise, portal_sewer_entry_d, uniq_grinder
D:5:      layout_rooms, nicolae_uskayaw_en_pointe,
          minmay_temple_entry_steel_oval, uniq_duvessa, uniq_blork_the_orc
D:6:      layout_loops_ring, minmay_microvault
D:7:      layout_basic, nicolae_sif_muna_condensation,
          mainiacjoe_overflow_chevrons, ebering_ghost_rock_garden, hex_medium,
          hangedman_decor_opposing, uniq_pikel, uniq_menkaure
D:8:      layout_rooms, mainiacjoe_overflow_catwalk, nemelex_spade_bored_becter,
          erik_lair_orcish_takeover, minmay_holes, minmay_hedge_maze,
          chequers_avenue, minmay_misc_feat_chi, uniq_psyche, uniq_gastronok
Temple:   minmay_temple_curvy_branch

Skill      XL: |  1  2  3  4  5  6  7  8  9 |
---------------+----------------------------+-----
Axes           | 3 4 5 6 7 9 11 | 11.4
Armour         | 4 5 6 7 8 |  8.6
Fighting       | 4 5 6 7 8 |  8.7
Shields        | 4 5 6 7 8 |  8.7
Invocations    | 3 |  3.7

Action                   |  1- 3 |  4- 6 |  7- 9 | 10-12 || total
-------------------------+-------+-------+-------+-------++-------
Melee: War axe           |    80 |    64 |   191 |    55 ||   390
       Headbutt          |     8 |    11 |    46 |    19 ||    84
       Unarmed           |       |       |       |     1 ||     1
Throw: Dart              |       |     3 |     3 |       ||     6
  Use: Scroll            |       |     4 |     7 |     2 ||    13
Armor: Scale mail        |    41 |       |       |       ||    41
       Ring mail         |     4 |    31 |    53 |     8 ||    96
Dodge: Dodged            |    44 |    28 |    65 |    19 ||   156
Block: Buckler           |    16 |    21 |    30 |    16 ||    83
